 Dungeon Crawl Stone Soup version 0.21.1-1-g345015f (webtiles) character file.

22593 sking99 the Covert (level 12, 0/60 HPs)
             Began as a Spriggan Enchanter on June 20, 2018.
             Was a Follower of Uskayaw.
             Succumbed to a spiny frog's poison
             ... on level 4 of the Lair of Beasts.
             The game lasted 01:45:56 (18900 turns).

sking99 the Covert (Spriggan Enchanter)            Turns: 18900, Time: 01:45:56

Health: 0/60       AC:  6    Str:  4    XL:     12   Next: 64%
Magic:  12/21      EV: 28    Int: 16    God:    Uskayaw [*.....]
Gold:   1073       SH: 10    Dex: 22    Spells: 10/22 levels left

rFire    . . .     SeeInvis +   E - +3 dagger (venom)
rCold    + + .     Gourm    .   y - +2 buckler
rNeg     + . .     Faith    .   u - +2 robe {MR+}
rPois    .         Spirit   .   r - +2 hat
rElec    .         Reflect  .   v - scarf {rC+ rF+}
rCorr    .         Harm     .   (gloves unavailable)
MR       +++..                  (boots unavailable)
Stlth    ++++++....             (no amulet)
HPRegen  0.20/turn              w - ring of positive energy
MPRegen  0.17/turn              K - ring of ice

@: lethally poisoned (0 -> -20), very slightly contaminated, very quick
A: very small, unfitting armour, see invisible, herbivore, speed 3, slow
metabolism 2
a: Stomp, Renounce Religion


You were on level 4 of the Lair of Beasts.
You worshipped Uskayaw.
Uskayaw was aware of your devotion.
You were not hungry.

You visited 3 branches of the dungeon, and saw 16 of its levels.

You collected 1073 gold pieces.

Inventory:

Hand Weapons
 E - a +3 dagger of venom (weapon)
Armour
 b - a +1 robe
 q - a scarf of cloud immunity
 r - a +2 hat (worn)
 u - a +2 robe of magic resistance (worn)
 v - a scarf of resistance (worn)
 y - a +2 buckler (worn)
Jewellery
 w - a ring of positive energy (left hand)
 K - a ring of ice (right hand)
 S - an uncursed amulet of guardian spirit {unknown}
Wands
 e - a wand of polymorph (20)
 j - a wand of clouds (6)
 x - a wand of paralysis (18)
 G - a wand of digging (7)
Scrolls
 l - 5 scrolls of teleportation
 n - a scroll of immolation
 o - 9 scrolls of remove curse
 p - 6 scrolls of identify
 F - 2 scrolls of amnesia
 H - a scroll of enchant weapon
 N - a scroll of summoning
 O - a scroll of blinking
 P - a scroll of enchant armour
 Q - a scroll of magic mapping
Potions
 f - 2 potions of lignification {unknown}
 g - a potion of agility
 h - 3 potions of mutation
 i - 5 potions of degeneration
 k - 7 potions of invisibility
 m - a potion of flight {unknown}
 s - 4 potions of haste {unknown}
 t - 3 potions of heal wounds
 z - a potion of resistance {unknown}
 C - 5 potions of cancellation {unknown}
 D - a potion of might {unknown}
 I - 5 potions of curing
 R - a potion of magic {unknown}
Books
 a - a book of Changes

   Spells                             Type                      Level
   a - Beastly Appendage              Transmutation                1
   b - Sticks to Snakes               Transmutation                2
   c - Spider Form                    Transmutation/Poison         3
   d - Ice Form                       Ice/Transmutation            4
   e - Blade Hands                    Transmutation                5
 c - a book of Maledictions

   Spells                             Type                      Level
   a - Corona                         Hexes                        1
   b - Ensorcelled Hibernation        Hexes/Ice                    2
   c - Confuse                        Hexes                        3
   d - Tukima's Dance                 Hexes                        3
   e - Dazzling Spray                 Conjuration/Hexes            3
 A - a book of Misfortune

   Spells                             Type                      Level
   a - Confusing Touch                Hexes                        1
   b - Confuse                        Hexes                        3
   c - Gell's Gravitas                Translocation                3
   d - Petrify                        Transmutation/Earth          4
   e - Metabolic Englaciation         Hexes/Ice                    5
   f - Yara's Violent Unravelling     Hexes/Transmutation          5
 J - a book of Battle

   Spells                             Type                      Level
   a - Infusion                       Charms                       1
   b - Shroud of Golubria             Charms/Translocation         2
   c - Song of Slaying                Charms                       2
   d - Spectral Weapon                Hexes/Charms                 3
   e - Regeneration                   Charms/Necromancy            3
 L - a book of Minor Magic

   Spells                             Type                      Level
   a - Magic Dart                     Conjuration                  1
   b - Blink                          Translocation                2
   c - Call Imp                       Summoning                    2
   d - Slow                           Hexes                        2
   e - Conjure Flame                  Conjuration/Fire             3
   f - Mephitic Cloud                 Conjuration/Poison/Air       3
 M - a book of Power

   Spells                             Type                      Level
   a - Iskenderun's Battlesphere      Conjuration/Charms           5
   b - Venom Bolt                     Conjuration/Poison           5
   c - Bolt of Magma                  Conjuration/Fire/Earth       5
   d - Iron Shot                      Conjuration/Earth            6
   e - Orb of Destruction             Conjuration                  7
   f - Spellforged Servitor           Conjuration/Summoning        7
Miscellaneous
 B - a phial of floods (inert)
Comestibles
 d - 11 rations


   Skills:
 + Level 5.3 Fighting
 - Level 10.0 Short Blades
 + Level 10.6 Dodging
 + Level 14.3 Stealth
 + Level 3.8 Shields
 - Level 5.7 Spellcasting
 - Level 1.7 Conjurations
 - Level 7.5 Hexes
 - Level 1.0 Ice Magic
 - Level 3.0 Air Magic
 - Level 3.1 Poison Magic
 * Level 9.4 Invocations
 - Level 0.8 Evocations


You had 10 spell levels left.
You knew the following spells:

 Your Spells              Type           Power        Failure   Level  Hunger
a - Corona                Hex            ####...      1%          1    None
b - Ensorcelled Hibernat  Hex/Ice        ####..       4%          2    #......
c - Confuse               Hex            ####....     2%          3    ##.....
d - Dazzling Spray        Conj/Hex       ###...       8%          3    ##.....
e - Mephitic Cloud        Conj/Pois/Air  ##......     19%         3    ##.....


Dungeon Overview and Level Annotations

Branches:
Dungeon (10/15)            Temple (1/1) D:5            Lair (5/6) D:10
  Swamp (0/4) Lair:4        Snake (0/4) Lair:2          Orc (0/2) D:10
  Slime: Lair:5-6

Altars:
Ashenzari
Cheibriados
Dithmenos
Elyvilon
Fedhas
Gozag
Hepliaklqana
Kikubaaqudgha
Makhleb
Nemelex Xobeh
Okawaru
Qazlal
Ru
Sif Muna
Trog
Uskayaw
Vehumet
Wu Jian
Xom
Yredelemnul
Zin
The Shining One

Annotations:
D:7 1 exclusion
Lair:3 Rwicked's ghost, journeyman GrEE


Innate Abilities, Weirdness & Mutations

You are very small and have problems with some larger weapons.
You are too small for most types of armour.
You have supernaturally acute eyesight. (SInv)
You are a herbivore.
You cover ground extremely quickly.
You need consume almost no food.


Message History

The black mamba is almost dead.
* * * LOW HITPOINT WARNING * * *
You feel sick. The black mamba completely misses you.
* * * LOW HITPOINT WARNING * * *
You feel sick.
* * * LOW HITPOINT WARNING * * *
You feel sick.
* * * LOW HITPOINT WARNING * * *
You feel sick.
You kill the black mamba!
* * * LOW HITPOINT WARNING * * *
You feel sick.
* * * LOW HITPOINT WARNING * * *
You feel sick.
There is a stone staircase leading up here.
* * * LOW HITPOINT WARNING * * *
You feel sick. The spiny frog stings you.
* * * LOW HITPOINT WARNING * * *
You climb upwards.
You die...

##.####P#####...##.#.#####.....
##..##.....P#P..###.....##.....
#..###.....##P..# #.....#......
##.........###..###.....#......
#..#........#P..##.............
##.###########..###............
#.# #######...###P##.#......
##.#####.P.#.#..#.#######......
#..........[..@.##.P##.P#......
#.......................#+..#..
##..............#.....##......#
#............................##
#..##..###......#.....#......##
##.###..#.......#......#..8..##
##..##.####.....##..8..#.......
#...#...# #....................
##.###..###......##.......8....


There were no monsters in sight!

Vanquished Creatures
  2 two-headed ogres
  4 hydras
  Pikel (D:3)
  A cyclops (D:4)
  A black mamba (Lair:5)
  Maurice (D:8)
  The ghost of Ethylacetat the Slasher, a novice DsMo of Okawaru (D:5)
  Psyche (D:8)
  A gargoyle (D:10)
  6 spiny frogs
  2 rime drakes
  2 komodo dragons
  The ghost of matthes123 the Insei, a novice OpTm of Makhleb (D:4)
  A queen bee (Lair:2)
  3 hornets
  4 hippogriffs
  14 blink frogs
  Sigmund (D:3)
  A wraith (D:10)
  2 yaks (Lair:2)
  4 wyverns
  2 basilisks (Lair:2)
  A naga (Lair:2)
  6 water moccasins
  7 porcupines
  2 hell hounds (D:10)
  3 sky beasts
  2 black bears
  An orc warrior (D:10)
  An ice beast (D:7)
  3 slaves (D:3)
  3 phantoms
  8 ogres
  4 centaurs
  7 crocodiles
  A wolf (Lair:3)
  A big kobold (D:10)
  7 bullfrogs
  A gnoll sergeant (D:8)
  3 scorpions
  28 killer bees
  5 howler monkeys
  A jelly (D:8)
  5 crimson imps
  A quasit (D:5)
  2 bullfrog zombies
  3 orc priests
  5 hounds
  2 centaur skeletons
  8 orc wizards
  2 iguanas (D:10)
  2 hell rats (Lair:2)
  8 worker ants
  2 hound skeletons
  2 worker ant zombies
  6 gnolls
  12 adders
  2 shadow imps
  An adder skeleton (D:4)
  3 worms
  3 dart slugs (D:1)
  8 leopard geckos
  18 orcs
  2 ball pythons
  8 bats
  6 giant cockroaches
  3 goblins
  7 hobgoblins
  16 jackals
  8 kobolds
  4 quokkas
  5 frilled lizards
  A jackal skeleton (D:4)
  5 rats
311 creatures vanquished.

Vanquished Creatures (others)
  An adder (D:4)
  A fungus (Lair:4)
  5 plants (Lair:2)
7 creatures vanquished.

Grand Total: 318 creatures vanquished

Notes
Turn   | Place    | Note
-------+----------+-------------------------------------------
     0 | D:1      | sking99 the Spriggan Enchanter began the quest for the Orb.
     0 | D:1      | Reached XP level 1. HP: 9/9 MP: 5/5
   819 | D:1      | Reached XP level 2. HP: 12/13 MP: 6/6
   823 | D:1      | Learned a level 2 spell: Ensorcelled Hibernation
  1658 | D:2      | Reached XP level 3. HP: 16/16 MP: 5/8
  1921 | D:2      | Reached skill level 5 in Stealth
  1921 | D:2      | Reached skill level 1 in Ice Magic
  1941 | D:2      | Learned a level 3 spell: Confuse
  2301 | D:2      | Found a shattered altar of Ashenzari.
  2920 | D:3      | Reached XP level 4. HP: 19/21 MP: 7/10
  3069 | D:3      | Noticed Sigmund
  3077 | D:3      | Killed Sigmund
  3077 | D:3      | Reached skill level 6 in Stealth
  3077 | D:3      | Reached XP level 5. HP: 24/24 MP: 6/12
  3804 | D:3      | Reached XP level 6. HP: 28/28 MP: 10/13
  4086 | D:4      | Reached skill level 5 in Hexes
  4173 | D:4      | Noticed a slave
  4190 | D:4      | Noticed a slave
  4191 | D:4      | Noticed a slave
  4195 | D:4      | Noticed a slave
  4209 | D:4      | HP: 1/28 [centaur/arrow (7)]
  4685 | D:3      | Killed a slave
  4689 | D:3      | Killed a slave
  4839 | D:4      | Noticed Pikel
  5029 | D:3      | Reached skill level 7 in Stealth
  5055 | D:3      | Killed a slave
  5191 | D:4      | Noticed matthes123's ghost (novice OpTm)
  5213 | D:4      | Killed matthes123's ghost
  5213 | D:4      | Reached XP level 7. HP: 24/32 MP: 5/14
  5265 | D:3      | Killed Pikel
  5265 | D:3      | Reached skill level 9 in Stealth
  5265 | D:3      | Reached XP level 8. HP: 31/36 MP: 0/15
  5952 | D:4      | Noticed a cyclops
  6138 | D:4      | Killed a cyclops
  6138 | D:4      | Reached skill level 10 in Stealth
  6288 | D:5      | Entered Level 5 of the Dungeon
  6318 | D:5      | Found a staircase to the Ecumenical Temple.
  6368 | Temple   | Entered the Ecumenical Temple
  6452 | Temple   | Became a worshipper of Uskayaw the Reveler
  6482 | D:5      | Found a sparkling altar of Nemelex Xobeh.
  6557 | D:5      | Reached * piety under Uskayaw
  6559 | D:5      | Noticed Ethylacetat's ghost (novice DsMo)
  6566 | D:5      | Reached ** piety under Uskayaw
  6573 | D:5      | Killed Ethylacetat's ghost
  6573 | D:5      | Reached skill level 1 in Fighting
  6573 | D:5      | Reached XP level 9. HP: 35/41 MP: 12/16
  6675 | D:5      | Learned a level 3 spell: Dazzling Spray
  6734 | D:5      | Found a glowing silver altar of Zin.
  6878 | D:5      | Reached skill level 11 in Stealth
  7128 | D:6      | Reached skill level 10 in Short Blades
  7498 | D:6      | Reached skill level 1 in Invocations
  7524 | D:6      | Reached skill level 1 in Conjurations
  8306 | D:7      | You fall through a shaft for 3 floors!
  8306 | D:10     | Entered Level 10 of the Dungeon
  8306 | D:10     | Noticed a two-headed ogre
  8781 | D:8      | Noticed a komodo dragon
  8782 | D:8      | Reached skill level 5 in Dodging
  8789 | D:8      | Killed a komodo dragon
  8960 | D:8      | Noticed a two-headed ogre
  9113 | D:8      | Reached XP level 10. HP: 45/46 MP: 5/17
  9468 | D:8      | Killed a two-headed ogre
  9468 | D:8      | Reached skill level 12 in Stealth
  9733 | D:8      | Noticed Maurice
  9835 | D:8      | Killed Maurice
 10252 | D:8      | Noticed Psyche
 10259 | D:8      | Killed Psyche
 10259 | D:8      | Reached skill level 5 in Invocations
 10318 | D:8      | Reached *** piety under Uskayaw
 10320 | D:8      | Reached **** piety under Uskayaw
 11982 | D:9      | Reached skill level 1 in Shields
 12503 | D:10     | Reached XP level 11. HP: 52/52 MP: 14/18
 12518 | D:10     | Reached ***** piety under Uskayaw
 12566 | D:10     | Found a staircase to the Lair.
 13265 | D:10     | Killed a two-headed ogre
 13265 | D:10     | Reached skill level 10 in Dodging
 13265 | D:10     | Reached skill level 13 in Stealth
 13503 | D:10     | Found a staircase to the Orcish Mines.
 13609 | Lair:1   | Entered Level 1 of the Lair of Beasts
 13921 | Lair:1   | Noticed a four-headed hydra
 13923 | Lair:1   | Killed a four-headed hydra
 14482 | Lair:2   | Found a staircase to the Snake Pit.
 14918 | Lair:2   | Learned a level 3 spell: Mephitic Cloud
 15495 | Lair:2   | Reached skill level 1 in Poison Magic
 15512 | Lair:2   | Reached skill level 1 in Air Magic
 16199 | Lair:2   | Reached XP level 12. HP: 46/58 MP: 13/20
 16302 | Lair:3   | Noticed a four-headed hydra
 16306 | Lair:3   | Killed a four-headed hydra
 16306 | Lair:3   | Reached skill level 5 in Spellcasting
 16632 | Lair:3   | Noticed Rwicked's ghost (journeyman GrEE)
 17301 | Lair:3   | Noticed a four-headed hydra
 17305 | Lair:3   | Killed a four-headed hydra
 17713 | Lair:4   | Found a staircase to the Swamp.
 17743 | Lair:4   | Reached skill level 14 in Stealth
 17820 | Lair:4   | Noticed a seven-headed hydra
 17848 | Lair:4   | Killed a seven-headed hydra
 17848 | Lair:4   | Reached skill level 5 in Fighting
 18899 | Lair:5   | HP: 3/60 [spiny frog (3)]
 18900 | Lair:4   | Succumbed to a spiny frog's poison

Skill      XL: |  1  2  3  4  5  6  7  8  9 10 11 12 |
---------------+-------------------------------------+-----
Spellcasting   | 3 4 5 |  5.7
Hexes          | 4 5 6 7 |  7.5
Stealth        | 5 6 7 9 10 11 12 13 14 | 14.3
Ice Magic      | 1 |  1.0
Short Blades   | 2 3 6 7 9 10 | 10.0
Fighting       | 1 3 4 5 |  5.3
Dodging        | 4 6 9 10 | 10.6
Invocations    | 3 6 8 9 |  9.4
Conjurations   | 1 |  1.7
Shields        | 1 3 |  3.8
Poison Magic   | 2 3 |  3.1
Air Magic      | 1 3 |  3.0
Evocations     | |  0.8

Action                   |  1- 3 |  4- 6 |  7- 9 | 10-12 || total
-------------------------+-------+-------+-------+-------++-------
Melee: Dagger            |   116 |    58 |   140 |   690 ||  1004
 Cast: Ensorcelled Hiber |    27 |    38 |    67 |   129 ||   261
       Confuse           |       |     4 |     9 |    18 ||    31
       Dazzling Spray    |       |       |       |     8 ||     8
       Mephitic Cloud    |       |       |       |     1 ||     1
Invok: Line Pass         |       |       |     1 |     2 ||     3
       Stomp             |       |       |       |     9 ||     9
Evoke: Phial of floods   |       |       |       |     2 ||     2
  Use: Scroll            |       |     9 |     2 |    14 ||    25
       Potion            |       |       |     2 |     2 ||     4
 Stab: Sleeping          |    31 |    27 |    53 |    81 ||   192
       Confused          |       |     2 |     6 |     8 ||    16
       Distracted        |       |       |     1 |     5 ||     6
       Paralysed         |       |       |       |     9 ||     9
       Invisible         |       |       |       |     3 ||     3
  Eat: Ration            |     1 |     1 |     4 |    10 ||    16
Armor: Robe              |    11 |     6 |     8 |    32 ||    57
Dodge: Dodged            |   110 |    51 |    67 |   411 ||   639
Block: Buckler           |       |       |       |   154 ||   154
